AoeStats
← Tom la Tomate :/

Arena

504172588Analyzed
4v4 RM · 27d ago on Sep 4, 2026· 44m 30s· 8 players
Game mode
Random Map
Map size
Large (8 player)
Population
200
Speed
Normal
Resources
Standard
Victory
Conquest
Starting age
Dark Age
Ending age
Imperial Age
RankedLock teamsTeams togetherTeam positionsShared explorationLock speedFull tech treeHidden civsTurbo modeCheats
Victory
Defeat
🇨🇳 Georgians · China
986
+13
🇨🇳 Persians · China
959
+15
🇨🇳 Romans · China
952
+15
🇹🇭 Franks · Thailand
951
+38
🇨🇳 Khmer · China
1010
-19
🇮🇳 Goths · India
991
-17
🇦🇷 Teutons · Argentina
880
-31
🇺🇸 Vietnamese · United States
828
-10
178296399
9:45 Feudal Age
14:06 Castle Age
12:35 Double-Bit Axe
12:46 Horse Collar
21:44 Heavy Plow
22:05 Bow Saw
28:25 Imperial Age
26:00 Loom
26:08 Loom
26:45 Gold Mining
26:46 Stone Mining
27:04 Scale Barding Armor
26:59 Scale Mail Armor
27:09 Forging
28:29 Chain Barding Armor
29:12 Wheelbarrow
28:22 Town Watch
29:24 Town Watch
30:19 Stone Shaft Mining
30:20 Gold Shaft Mining
30:31 Conscription
31:44 Chemistry
31:08 Chain Mail Armor
31:28 Iron Casting
31:42 Crop Rotation
31:25 Cavalier
33:06 Husbandry
33:52 Hand Cart
35:16 Plate Mail Armor
35:21 Iron Casting
34:52 Town Patrol
35:53 Iron Casting
39:08 Two-Man Saw
38:46 Plate Barding Armor
39:11 Blast Furnace
37:45 Elite War Elephant
38:36 Citadels
38:44 Bloodlines
37:55 Light Cavalry
38:18 Pikeman
38:58 Squires
39:40 Ballistics
39:14 Fletching
39:24 Padded Archer Armor
40:30 Arson
40:57 Hussar
41:44 Halberdier
44:51 Bodkin Arrow
45:11 Leather Archer Armor
Tom la Tomate :/
17:19 Feudal Age
17:26 Feudal Age
18:10 Town Watch
19:00 Wheelbarrow
19:19 Wheelbarrow
18:30 Town Watch
19:42 Arson
19:18 Man-at-Arms
21:35 Gold Mining
21:34 Double-Bit Axe
21:37 Loom
22:28 Stone Mining
27:53 Padded Archer Armor
31:51 Castle Age
Armstrong111
10:37 Feudal Age
14:52 Castle Age
12:42 Horse Collar
12:51 Double-Bit Axe
17:34 Light Cavalry
20:12 Bloodlines
21:02 Gold Mining
21:03 Stone Mining
23:57 Wheelbarrow
23:07 Loom
29:29 Imperial Age
27:56 Bow Saw
28:21 Stone Shaft Mining
27:49 Heavy Plow
28:24 Husbandry
28:09 Treadmill Crane
28:49 Ballistics
28:51 Masonry
28:35 Fletching
28:51 Scale Barding Armor
28:56 Forging
29:13 Guard Tower
29:36 Masonry
30:12 Svan Towers
30:55 Conscription
31:02 Bodkin Arrow
31:27 Chain Barding Armor
32:09 Hoardings
32:17 Elite Monaspa
33:53 Plate Barding Armor
33:53 Iron Casting
33:43 Bracer
34:46 Chemistry
34:54 Fervor
35:00 Block Printing
35:05 Sanctity
35:20 Herbal Medicine
36:00 Theocracy
38:13 Blast Furnace
38:51 Hoardings
879769327
10:14 Feudal Age
12:09 Double-Bit Axe
14:47 Castle Age
13:16 Horse Collar
13:45 Gold Mining
15:02 Man-at-Arms
16:25 Pikeman
17:06 Fletching
18:13 Gold Shaft Mining
18:03 Long Swordsman
19:50 Wheelbarrow
20:30 Squires
22:30 Hand Cart
27:41 Imperial Age
27:26 Heavy Plow
27:20 Stone Mining
28:06 Bow Saw
28:02 Legionary
29:55 Crop Rotation
30:46 Scale Mail Armor
31:16 Forging
33:47 Chain Mail Armor
34:09 Iron Casting
34:06 Heavy Scorpion
35:31 Ballistas
36:24 Conscription
43:41 Ballistics
44:22 Chemistry
Locarbdiet
9:54 Feudal Age
10:33 Double-Bit Axe
13:49 Loom
17:44 Castle Age
17:42 Wheelbarrow
19:39 Hand Cart
19:44 Bow Saw
23:21 Elite Skirmisher
24:47 Loom
24:52 Town Watch
25:54 Scale Mail Armor
26:09 Horse Collar
26:54 Heavy Plow
27:35 Stone Mining
28:29 Fletching
29:54 Padded Archer Armor
30:29 Bodkin Arrow
32:20 Thumb Ring
32:42 Bloodlines
33:54 Forging
34:00 Leather Archer Armor
33:54 Scale Barding Armor
34:05 Husbandry
33:47 Pikeman
34:29 Squires
36:07 Chain Mail Armor
37:07 Chatras
38:18 Arson
39:37 Gold Mining
40:29 Ballistics
43:57 Imperial Age
42:15 Chain Barding Armor
44:23 Iron Casting
44:02 Capped Ram
nini1294
10:34 Feudal Age
15:03 Castle Age
13:24 Loom
13:34 Double-Bit Axe
14:55 Horse Collar
17:20 Wheelbarrow
18:33 Stone Mining
19:41 Loom
23:00 Town Watch
23:41 Forging
23:48 Gold Mining
26:34 Iron Casting
27:27 Scale Mail Armor
27:37 Anarchy
28:30 Hand Cart
28:23 Squires
33:53 Imperial Age
32:59 Pikeman
33:56 Chain Mail Armor
36:27 Stone Shaft Mining
35:55 Heavy Plow
36:07 Bow Saw
35:23 Halberdier
36:28 Conscription
36:10 Perfusion
37:50 Blast Furnace
37:25 Crop Rotation
37:59 Two-Man Saw
37:04 Elite Huskarl
38:24 Fletching
826477292
0:44 Loom
12:02 Feudal Age
12:32 Double-Bit Axe
12:43 Stone Mining
12:39 Horse Collar
18:53 Castle Age
16:46 Gold Mining
19:55 Heavy Plow
20:33 Stone Shaft Mining
20:42 Gold Shaft Mining
20:38 Bow Saw
28:18 Wheelbarrow
30:25 Hand Cart
33:04 Imperial Age
31:21 Hand Cart
33:19 Husbandry
33:30 Bloodlines
32:41 Light Cavalry
35:17 Elite Ballista Elephant
35:59 Tusk Swords
37:14 Pikeman
38:42 Double Crossbow
39:27 Crop Rotation
iFantiss
11:50 Feudal Age
13:32 Wheelbarrow
15:18 Double-Bit Axe
22:33 Castle Age
26:09 Stone Mining
26:06 Horse Collar
26:46 Bow Saw
27:58 Stone Shaft Mining
31:22 Hand Cart
31:11 Gold Mining
32:00 Scale Barding Armor
35:07 Forging
Connection lost

Rejoining the realm…

Still unreachable

The connection could not be restored.

Session expired

The server has moved on; the page needs a fresh start.